 Dungeon Crawl Stone Soup version 0.23-b1 (webtiles) character file.

Game seed: 16485482650081312326

58696 vladulenta the Warrior (level 14, -4/137 HPs)
             Began as a Minotaur Berserker on Jan 31, 2019.
             Was a High Priest of Trog.
             Killed from afar by a spark wasp (10 damage)
             ... with a living lightning
             ... on level 1 of the Depths.
             The game lasted 01:11:03 (17053 turns).

vladulenta the Warrior (Minotaur Berserker)        Turns: 17053, Time: 01:11:03

Health: -4/137     AC: 22    Str: 34    XL:     14   Next: 50%
Magic:  13/13      EV: 14    Int: 12    God:    Trog [*****.]
Gold:   810        SH: 16    Dex: 11    Spells: 13/13 levels left

rFire    . . .     SeeInvis .   w - +1 morningstar (flame)
rCold    + . .     Gourm    .   h - +2 shield of Cighirgh {rC+ rN++}
rNeg     + + +     Faith    +   D - +5 chain mail of Cerej {rC+ rN+ Int+3 Dex+2}
rPois    .         Spirit   .   (helmet restricted)
rElec    .         Reflect  .   q - +0 cloak
rCorr    .         Harm     .   f - +2 pair of gloves of Insecurity {rC- Str+3 Int+5}
MR       +++..                  n - +1 pair of boots
Stlth    ..........             E - amulet of faith
HPRegen  1.32/turn              t - +4 ring of evasion
MPRegen  0.13/turn              s - +3 ring of strength

@: very slightly contaminated, regenerating
A: retaliatory headbutt, horns 2, deformed body, wild magic 1
a: Berserk, Trog's Hand, Brothers in Arms, Renounce Religion


You were on level 1 of the Depths.
You worshipped Trog.
Trog was extremely pleased with you.
You were not hungry.

You visited 2 branches of the dungeon, and saw 16 of its levels.
You also visited: Ossuary.

You collected 1040 gold pieces.
You spent 230 gold pieces at shops.

Inventory:

Hand Weapons
 w - a +1 morningstar of flaming (weapon)
 O - a +2 mace of protection
 R - a +1 morningstar of distortion
Missiles
 G - 17 javelins (quivered)
Armour
 f - the +2 pair of gloves of Insecurity (worn) {rC- Str+3 Int+5}
   (You acquired it on level 9 of the Dungeon)

   It affects your strength (+3).
   It affects your intelligence (+5).
   It makes you vulnerable to cold.
 h - the +2 shield of Cighirgh (worn) {rC+ rN++}
   (You took it off an orc on level 8 of the Dungeon)

   It protects you from cold.
   It greatly protects you from negative energy.
 n - a +1 pair of boots (worn)
 p - a +0 shield
 q - a +0 cloak (worn)
 D - the +5 chain mail of Cerej (worn) {rC+ rN+ Int+3 Dex+2}
   (You found it on level 9 of the Dungeon)

   It affects your intelligence (+3).
   It affects your dexterity (+2).
   It protects you from cold.
   It protects you from negative energy.
Jewellery
 i - an uncursed ring of protection from cold
 l - an uncursed ring of fire
 s - a +3 ring of strength (right hand)
 t - a +4 ring of evasion (left hand)
 z - a cursed ring of teleportation
 E - an amulet of faith (around neck)
 T - an uncursed ring of protection from cold
Wands
 g - a wand of flame (9)
 v - a wand of iceblast (7)
 J - a wand of digging (2)
Scrolls
 a - 2 scrolls of magic mapping
 j - 3 scrolls of enchant weapon
 m - 13 scrolls of identify
 o - 8 scrolls of fog
 y - a scroll of immolation
 C - 8 scrolls of remove curse
 F - 2 scrolls of enchant armour
Potions
 b - a potion of might {unknown}
 d - a potion of resistance {unknown}
 e - 2 potions of agility {unknown}
 r - 8 potions of curing
 x - 2 potions of heal wounds
 A - 3 potions of brilliance
 B - 4 potions of lignification
 S - a potion of berserk rage
Miscellaneous
 k - a lamp of fire
Comestibles
 c - 11 rations


   Skills:
 + Level 16.0 Fighting
 + Level 15.9 Maces & Flails
 + Level 15.8 Armour
 - Level 2.2 Dodging
 * Level 12.0 Shields


You had 13 spell levels left.
You didn't know any spells.
Your spell library was empty.

Dungeon Overview and Level Annotations

Branches:
Dungeon (15/15)            Temple (0/1) D:5            Lair (0/6) D:11
    Orc (0/2) D:9          Vaults (0/5) D:14         Depths (1/5) D:15

Altars:
Elyvilon
Fedhas
Kikubaaqudgha
Makhleb
Nemelex Xobeh
Okawaru
Sif Muna
Uskayaw
Vehumet
Zin
The Shining One

Shops:
D:4 ?*(%   D:12 !

Portals:
Ziggurat: Depths:1

Annotations:
D:12 1 runed translucent door, BraveToast's ghost, journeyman FoFi


Innate Abilities, Weirdness & Mutations

You reflexively headbutt those who attack you in melee.
You have a pair of horns on your head.
Armour fits poorly on your strangely shaped body.
Your spells are a little harder to cast, but a little more powerful.


Message History

The spark wasp shocks you!
You hit the spark wasp but do no damage.
Your headbutt misses the spark wasp.
The spark wasp is moderately wounded.
You block the spark wasp's attack.
The spark wasp stings you but does no damage.
You block the spark wasp's attack. The spark wasp stings you!!
The spark wasp shocks you!
* * * LOW HITPOINT WARNING * * *
Blink to where?
Press: ? - help, Dir - move target cursor You are very lightly contaminated with residual magic.
As you read the scroll of blinking, it crumbles to dust.
The spark wasp bursts into living lightning!
The living lightning hits you!!
* * * LOW HITPOINT WARNING * * *
The spark wasp blinks!
The spark wasp bursts into living lightning!
The living lightning hits you!
You die...

#........≈≈≈...>..#...
..##.......≈≈≈≈≈....#..#
............≈≈≈≈≈.#.#....
.............≈≈......#....
#..............#...##.....
##............[...##...#...
###................#.......#.
#..................#.#.....#.
.#...........@.....#........##
..............y<...#..........
............##..[.#...........
........§...##....#...###.....
.......[yy..#...##...## ##....
............#..#...#.# #.....
.≈≈.........#.......#####.....
.≈≈.$.......#........#..#..#.#
..≈...........................


You could see 3 spark wasps.

Vanquished Creatures
  Frances (D:12)
  Roxanne (D:14)
  An ettin (D:15)
  A merfolk javelineer (Depths:1)
  A yaktaur captain (D:15)
  Josephine (D:13)
  A fire dragon (Depths:1)
  A great orb of eyes (Depths:1)
  A hydra (D:12)
  Fannar (D:10)
  A vault guard (D:14)
  2 centaur warriors (D:15)
  2 ogre magi
  20 two-headed ogres
  3 skeletal warriors (D:11)
  3 unseen horrors
  Pikel (D:7)
  An orc knight (D:15)
  2 deep elf magi
  A cyclops (D:15)
  9 ugly things
  A manticore (D:15)
  Psyche (D:8)
  Maurice (D:13)
  2 gargoyles (D:14)
  An efreet (D:15)
  A kobold demonologist (D:15)
  2 slime creatures (D:15)
  A harpy zombie (D:12)
  4 trolls
  2 hippogriffs
  A hippogriff (shapeshifter) (D:14)
  A water elemental (Depths:1)
  A spriggan (D:7)
  4 wyverns
  2 shadows
  A vampire (D:12)
  A hog (shapeshifter) (D:15)
  5 wraiths
  2 fire elementals (D:11)
  13 yaks
  10 humans (D:14)
  7 hungry ghosts
  7 vampire mosquitoes (D:15)
  A two-headed ogre zombie (D:9)
  A warg (D:15)
  2 hell hounds (D:11)
  2 acid dragons
  3 water moccasins
  5 ice beasts
  2 slaves (D:7)
  An eye of draining (D:11)
  5 orc warriors
  A black bear (D:7)
  A necrophage (D:9)
  4 sky beasts
  3 phantoms
  4 boggarts (D:15)
  11 ogres
  12 centaurs
  2 big kobolds
  An elf skeleton (D:9)
  A gnoll sergeant (D:9)
  10 bullfrogs
  A wyvern skeleton (D:12)
  10 scorpions
  2 troll zombies (D:9)
  16 killer bees
  28 wights
  8 howler monkeys
  3 crimson imps
  2 centaur zombies
  4 human zombies
  A quasit (D:11)
  3 bullfrog zombies
  3 centaur skeletons
  7 orc priests
  7 hounds
  A human skeleton (D:9)
  4 jellies
  4 bullfrog skeletons
  Natasha (twice) (D:4)
  5 iguanas
  7 orc wizards
  13 worker ants
  A statue (D:7)
  A big kobold zombie (Ossuary)
  7 ogre zombies (D:9)
  2 mummies (Ossuary)
  A hound skeleton (D:10)
  10 gnolls
  2 howler monkey skeletons
  7 adders
  3 shadow imps
  2 oozes
  2 adder skeletons
  2 worms
  A leopard gecko (D:2)
  32 orcs
  4 bats
  3 giant cockroaches
  A gnoll zombie (Ossuary)
  7 goblins
  8 hobgoblins
  8 jackals
  8 kobolds
  5 quokkas
  A ball python (D:4)
  6 frilled lizards
  2 goblin zombies (Ossuary)
  A hobgoblin skeleton (D:9)
  6 hobgoblin zombies
  A jackal skeleton (D:8)
  3 orc skeletons (D:9)
  17 orc zombies
  A quokka zombie (D:5)
  8 rats
492 creatures vanquished.

Vanquished Creatures (collateral kills)
  Azrael (D:12)
  Erolcha (D:12)
  An ogre mage (D:15)
  A two-headed ogre (D:12)
  A deep elf mage (D:13)
  An ugly thing (D:11)
  A kobold demonologist (D:12)
  A wraith (D:13)
  3 orc warriors
  A sky beast (D:8)
  2 ogres
  A wyvern skeleton (D:13)
  3 wights (D:10)
  A jelly (D:10)
  2 orc priests (D:11)
  An iguana (D:12)
  An orc wizard (D:10)
  3 orcs
  A kobold (D:12)
27 creatures vanquished.

Vanquished Creatures (others)
  A human (D:14)
  A slave (D:7)
  A leopard gecko (D:5)
3 creatures vanquished.

Grand Total: 522 creatures vanquished

Notes
Turn   | Place    | Note
-------+----------+-------------------------------------------
     0 | D:1      | vladulenta the Minotaur Berserker began the quest for the
                  | Orb.
     0 | D:1      | Reached XP level 1. HP: 19/19 MP: 0/0
   303 | D:1      | Reached XP level 2. HP: 27/27 MP: 1/1
   330 | D:1      | Reached skill level 4 in Fighting
   520 | D:1      | Reached ** piety under Trog
   687 | D:2      | Found a sparkling altar of Nemelex Xobeh.
   694 | D:2      | Reached XP level 3. HP: 33/33 MP: 2/2
  1390 | D:2      | Reached XP level 4. HP: 28/41 MP: 3/3
  1702 | D:3      | Reached skill level 5 in Fighting
  1702 | D:3      | Reached XP level 5. HP: 48/48 MP: 4/4
  1707 | D:3      | Reached skill level 5 in Maces & Flails
  1809 | D:3      | Found an iron altar of Okawaru.
  1896 | D:3      | Found a burning altar of Makhleb.
  1901 | D:3      | Found a glowing golden altar of the Shining One.
  1950 | D:3      | Reached *** piety under Trog
  2131 | D:4      | Found Firuuwn's Food Emporium.
  2243 | D:4      | Found Cuer's Assorted Antiques.
  2295 | D:4      | Reached XP level 6. HP: 46/56 MP: 5/5
  2484 | D:4      | Found a sand-covered staircase.
  2489 | Ossuary  | Entered an ossuary
  2564 | Ossuary  | Reached skill level 5 in Armour
  2757 | Ossuary  | Reached skill level 6 in Fighting
  2856 | Ossuary  | Gained mutation: Armour fits poorly on your strangely
                  | shaped body. [potion of mutation]
  2856 | Ossuary  | Gained mutation: Your spells are a little harder to cast,
                  | but a little more powerful. [potion of mutation]
  3029 | D:4      | Found Yhexuruo's Weapon Boutique.
  3056 | D:4      | Bought a +1 morningstar of protection for 165 gold pieces
  3172 | D:4      | Noticed Natasha
  3177 | D:4      | Killed Natasha
  3346 | D:4      | Noticed Natasha
  3349 | D:4      | Killed Natasha
  3363 | D:4      | Found Hyxuokev's Magic Scroll Shoppe.
  3492 | D:5      | Entered Level 5 of the Dungeon
  3570 | D:5      | Found a staircase to the Ecumenical Temple.
  3627 | D:5      | Reached XP level 7. HP: 56/63 MP: 6/6
  4151 | D:6      | Reached skill level 7 in Fighting
  4163 | D:6      | Found a deep blue altar of Sif Muna.
  4272 | D:6      | Reached XP level 8. HP: 58/73 MP: 7/7
  4991 | D:7      | Reached skill level 8 in Fighting
  5042 | D:7      | Reached **** piety under Trog
  5139 | D:7      | Noticed Pikel
  5155 | D:7      | Killed Pikel
  5155 | D:7      | Reached skill level 9 in Fighting
  5155 | D:7      | Reached XP level 9. HP: 83/83 MP: 8/8
  5231 | D:7      | Found a white marble altar of Elyvilon.
  5381 | D:7      | Found a radiant altar of Vehumet.
  5951 | D:8      | Identified the +2 shield of Cighirgh {rC+ rN++}
  5990 | D:8      | Noticed Psyche
  5997 | D:8      | Killed Psyche
  6006 | D:8      | Reached skill level 10 in Fighting
  6012 | D:8      | Reached skill level 10 in Maces & Flails
  6050 | D:8      | Reached skill level 10 in Armour
  6269 | D:8      | Found a blossoming altar of Fedhas.
  6269 | D:8      | Found a glowing silver altar of Zin.
  6269 | D:8      | Found a hide-covered altar of Uskayaw.
  6668 | D:9      | Reached XP level 10. HP: 90/94 MP: 9/9
  6854 | D:9      | Identified a scroll of acquirement
  6857 | D:9      | Got a pair of encrusted gloves
  6872 | D:9      | Identified the +2 pair of gloves of Insecurity {rC- Str+3
                  | Int+5} (You acquired it on level 9 of the Dungeon)
  7229 | D:9      | Reached skill level 11 in Fighting
  7313 | D:9      | Found a staircase to the Orcish Mines.
  7726 | D:9      | Got a bronze chain mail
  7744 | D:9      | Identified the +5 chain mail of Cerej {rC+ rN+ Int+3 Dex+2}
                  | (You found it on level 9 of the Dungeon)
  7857 | D:9      | Found an ancient bone altar of Kikubaaqudgha.
  7881 | D:9      | Reached ***** piety under Trog
  8370 | D:10     | Entered Level 10 of the Dungeon
  8782 | D:10     | Noticed Fannar
  8802 | D:10     | Killed Fannar
  8802 | D:10     | Reached skill level 12 in Fighting
  8802 | D:10     | Reached XP level 11. HP: 76/104 MP: 10/10
  8836 | D:10     | Noticed a two-headed ogre
  8843 | D:10     | Killed a two-headed ogre
  8922 | D:10     | Noticed a two-headed ogre
  8930 | D:10     | Killed a two-headed ogre
  9087 | D:10     | Killed an unseen horror
  9523 | D:11     | Noticed a purple ugly thing
  9531 | D:11     | Noticed a two-headed ogre
  9538 | D:11     | Killed a purple ugly thing
  9546 | D:11     | Killed a two-headed ogre
  9547 | D:11     | Killed an unseen horror
  9783 | D:11     | Noticed a sea snake
  9946 | D:11     | Noticed a sea snake
  9964 | D:11     | Reached skill level 13 in Fighting
 10324 | D:11     | Found a staircase to the Lair.
 10425 | D:12     | Noticed Azrael
 10425 | D:12     | Noticed a skeletal warrior
 10467 | D:12     | Noticed a skeletal warrior
 10659 | D:11     | Killed a skeletal warrior
 10666 | D:12     | Noticed a skeletal warrior
 10683 | D:11     | Killed a skeletal warrior
 10683 | D:11     | Reached XP level 12. HP: 80/115 MP: 11/11
 10907 | D:12     | Killed Azrael
 10921 | D:12     | Noticed Erolcha
 10921 | D:12     | Noticed a two-headed ogre
 10924 | D:12     | Paralysed by Erolcha for 6 turns
 10925 | D:12     | Killed a two-headed ogre
 10928 | D:12     | Killed Erolcha
 10983 | D:12     | Noticed a four-headed hydra
 10992 | D:12     | Killed a four-headed hydra
 10995 | D:12     | Reached skill level 14 in Fighting
 11003 | D:12     | Found Igey's Distillery.
 11015 | D:12     | Bought a potion of heal wounds for 65 gold pieces
 11122 | D:12     | Found a runed translucent door.
 11122 | D:12     | Noticed BraveToast's ghost (journeyman FoFi)
 11227 | D:12     | Reached skill level 1 in Shields
 11231 | D:12     | Noticed a two-headed ogre
 11247 | D:12     | Killed a two-headed ogre
 11381 | D:12     | Noticed Frances
 11392 | D:12     | Killed Frances
 12095 | D:12     | Reached skill level 5 in Shields
 12306 | D:13     | Noticed a two-headed ogre
 12316 | D:12     | Killed a two-headed ogre
 12323 | D:13     | Received a gift from Trog
 12445 | D:13     | Noticed Maurice
 12447 | D:13     | Paralysed by Maurice for 7 turns
 12455 | D:13     | Killed Maurice
 12579 | D:13     | Noticed Josephine
 12585 | D:13     | Killed Josephine
 12604 | D:13     | Reached XP level 13. HP: 118/125 MP: 12/12
 12836 | D:13     | Received a gift from Trog
 13295 | D:14     | Found a gate leading to a gauntlet.
 13815 | D:14     | Identified Roxanne's Guide on Stones
 13815 | D:14     | Noticed Roxanne
 13967 | D:14     | HP: 1/125 [Roxanne/iron shot (22)]
 14404 | D:14     | Killed Roxanne
 14404 | D:14     | Reached skill level 15 in Fighting
 14547 | D:14     | Reached skill level 15 in Maces & Flails
 14590 | D:14     | Found the +0 sword of Power
 14592 | D:14     | Found a gate to the Vaults.
 14658 | D:15     | Entered Level 15 of the Dungeon
 14845 | D:15     | Reached skill level 15 in Armour
 15061 | D:15     | Reached skill level 10 in Shields
 15684 | D:15     | Reached XP level 14. HP: 97/135 MP: 13/13
 16264 | D:15     | Found a staircase to the Depths.
 16360 | Depths:1 | Entered Level 1 of the Depths
 16983 | Depths:1 | Found a gateway to a ziggurat.
 17048 | Depths:1 | Reached skill level 16 in Fighting
 17052 | Depths:1 | HP: 5/137 [spark wasp/living lightning (23)]
 17053 | Depths:1 | Killed from afar by a spark wasp

Skill      XL: |  1  2  3  4  5  6  7  8  9 10 11 12 13 14 |
---------------+-------------------------------------------+-----
Fighting       | 4 5 6 7 9 10 12 13 14 15 16 | 16.0
Maces & Flails | 4 5 6 7 9 10 12 13 14 15 | 15.9
Armour         | 3 4 5 6 8 10 11 13 14 15 | 15.8
Shields        | 6 10 12 | 12.0
Dodging        | |  2.2

Action                   |  1- 3 |  4- 6 |  7- 9 | 10-12 | 13-15 || total
-------------------------+-------+-------+-------+-------+-------++-------
Melee: Mace              |    68 |    37 |       |       |       ||   105
       Headbutt          |     7 |    22 |    30 |   164 |   138 ||   361
       Flail             |       |    87 |       |       |       ||    87
       Morningstar       |       |    12 |   157 |   648 |   459 ||  1276
Invok: Berserk           |     1 |     2 |     4 |     2 |       ||     9
       Trog's Hand       |       |       |     4 |    14 |     8 ||    26
       Brothers in Arms  |       |       |     1 |     5 |     1 ||     7
  Use: Scroll            |     5 |     6 |     2 |    11 |     7 ||    31
       Potion            |     3 |     4 |       |       |     1 ||     8
 Stab: Distracted        |       |       |       |     1 |       ||     1
  Eat: Chunk             |     2 |     6 |    11 |    12 |     5 ||    36
       Ration            |       |     1 |     2 |     7 |     4 ||    14
Armor: Ring mail         |    19 |    63 |       |       |       ||    82
       Animal skin       |     2 |       |       |       |       ||     2
       Scale mail        |       |       |    80 |    51 |       ||   131
       Chain mail        |       |       |       |   315 |   108 ||   423
Dodge: Dodged            |    43 |    71 |    89 |   147 |   133 ||   483
Block: Shield            |       |       |    28 |   336 |   261 ||   625
